Map: Cactus Valley LE (Void)

Players

monC - Winner!

  • Race: Zerg Zerg
  • League: Diamond
  • Spawn Location: 1:00

Musumeci

  • Race: Zerg Zerg
  • League: Diamond
  • Spawn Location: 7:00

VOD

Have the link to the VOD?

Description

Time

  • Played on: March 24, 2017, 5:58 a.m.
  • Length: 6:58
Show
View Real Time Build Order
Export as new Build Order

monC Zerg - Winner!

Build Orders: Hatch First 

Get SALT Encoding   

  12  0:01  Drone  
  13  0:12  Overlord  
  13  0:18  Drone  
  14  0:32  Drone x2  
  14  0:35  Drone  
  17  0:56  Hatchery  
  16  0:58  Drone  
  16  1:02  Drone  
  18  1:05  Extractor  
  17  1:12  Drone  
  18  1:24  Spawning Pool  
  17  1:27  Drone  
  18  1:36  Drone  
  19  1:44  Drone  
  20  1:52  Overlord  
  20  2:06  Drone  
  21  2:08  Drone  
  21  2:12  Metabolic Boost  
  22  2:15  Queen x2  
  22  2:21  Drone  
  22  2:22  Drone  
  28  2:33  Drone x3  
  31  2:39  Overlord  
  31  2:50  Drone  
  31  2:51  Drone  
  33  3:02  Roach Warren  
  33  3:05  Spine Crawler  
  31  3:16  Drone x5  
  36  3:25  Zergling x2  
  36  3:26  Zergling x10  
  42  3:32  Lair  
  42  3:35  Evolution Chamber  
  42  3:40  Extractor  
  40  3:42  Overlord  
  40  3:49  Overlord  
  40  4:02  Zerg Missile Weapons Level 1  
  40  4:25  Hatchery  
  40  4:30  Glial Reconstitution  
  39  4:34  Drone x3, Extractor  
  39  4:35  Drone x3  
  39  4:36  Drone x3  
  47  4:55  Overlord  
  47  4:56  Overlord x2  
  47  5:02  Roach  
  47  5:03  Roach  
  51  5:13  Roach x4  
  67  5:14  Roach x4  
  67  5:19  Overlord  
  67  5:33  Roach  
  67  5:34  Roach x3  
  75  5:35  Overlord  
  75  5:37  Roach  
  75  5:38  Roach x3  
  83  6:03  Drone x10  
  90  6:37  Roach x5  
  90  6:39  Roach  
Show
View Real Time Build Order
Export as new Build Order

Musumeci Zerg 

Build Orders: Hatch First 

Get SALT Encoding   

  12  0:02  Drone  
  13  0:08  Drone  
  14  0:17  Overlord  
  14  0:35  Drone x2  
  16  0:36  Drone  
  17  0:54  Hatchery  
  16  0:59  Drone  
  17  1:11  Spawning Pool  
  17  1:13  Extractor  
  17  1:15  Drone  
  16  1:18  Drone  
  16  1:23  Drone  
  18  1:29  Drone  
  19  1:39  Overlord  
  19  1:54  Drone  
  19  1:58  Queen  
  22  2:01  Zergling x2  
  22  2:06  Queen  
  22  2:07  Drone  
  26  2:13  Metabolic Boost  
  26  2:18  Drone  
  26  2:19  Drone  
  28  2:23  Drone  
  28  2:28  Drone  
  30  2:34  Baneling Nest  
  29  2:39  Queen  
  31  2:47  Drone  
  31  2:48  Drone  
  31  2:51  Zergling x4  
  35  3:01  Zergling x2  
  35  3:14  Zergling x2  
  36  3:23  Overlord  
  36  3:38  Baneling x2  
  36  3:41  Drone x7  
  43  3:55  Hatchery  
  42  4:03  Drone x2  
  44  4:12  Baneling x2, Overlord  
  44  4:13  Overlord  
  44  4:15  Baneling  
  44  4:16  Baneling  
  44  4:33  Hatchery  
  44  4:36  Drone  
  44  4:37  Drone x7  
  51  4:40  Extractor  
  51  4:41  Extractor  
  51  4:42  Extractor  
  48  5:07  Lair  
  48  5:41  Drone x4  
  51  5:59  Overlord  
  51  6:00  Overlord  
  51  6:02  Spine Crawler  
  51  6:03  Spine Crawler x2  
  47  6:08  Zergling x2  
  47  6:09  Zergling x32  
  64  6:18  Baneling x2  
  62  6:24  Spire  
Tags
 
Add a new tag
Caveats
  • Supply blocks, unpowered buildings, or Contaminate may cause inaccurate times.
  • Supply counts are checked every 10 seconds.